 Dungeon Crawl Stone Soup version 0.31-a0-1570-g93c622d222 (webtiles) character file.

Game seed: 7636241823182370406

338 hikkokomori the Digger (level 6, -2/54 HPs)
             Began as a Gargoyle Earth Elementalist on Jan 3, 2024.
             Slain by a shadow imp (5 damage)
             ... in a sewer.
             The game lasted 00:08:23 (2567 turns).

hikkokomori the Digger (GrEE)                       Turns: 2567, Time: 00:08:23

Health: -2/54      AC:  8    Str: 11      XL:     6   Next: 55%
Magic:  0/10       EV: 12    Int: 18      God:
Gold:   87         SH:  0    Dex: 11 (16) Spells: 7/11 levels left

rFire   . . .        i - +1 whip (vamp)
rCold   . . .        (no shield)
rNeg    + . .        l - +2 robe
rPois   ∞            (no helmet)
rElec   +            (no cloak)
rCorr   .            (no gloves)
SInv    .            (no boots)
Will    .....        (no amulet) Stlth
                     f - +6 ring of dexterity
HPRegen 0.29/turn    (no ring)
MPRegen 0.12/turn

%: no passive effects
@: brilliant, berserking, very quick
A: sickness immunity, AC +4, negative energy resistance 1, electricity
resistance, torment resistance 1, petrification resistance
a: no special abilities


You were in a sewer.
You visited 1 branch of the dungeon, and saw 3 of its levels.
You also visited: Sewer.

You collected 87 gold pieces.

Inventory:

Hand Weapons
 d - a +0 dagger
 i - a +1 vampiric whip (weapon)
 j - a +1 short sword of draining
Missiles
 k - 3 atropa-tipped darts
Armour
 a - a +0 robe
 l - a +2 robe (worn)
Jewellery
 f - a +6 ring of dexterity (left hand)
Scrolls
 h - a scroll of teleportation {unknown}
Potions
 e - a potion of heal wounds {unknown}


   Skills:
 + Level 2.9 Fighting
 - Level 1.5 Dodging
 + Level 4.1 Stealth
 + Level 3.2 Spellcasting
 + Level 2.8 Conjurations
 + Level 5.1 Earth Magic


You had 7 spell levels left.
You knew the following spells:

 Your Spells              Type           Power      Damage    Failure   Level
a - Sandblast             Erth           64%        2d14      1%          1
b - Stone Arrow           Conj/Erth      50%        3d10      10%         3

Your spell library contained the following spells:

 Spells                   Type           Power      Damage    Failure   Level
 Passwall                 Erth           32%        N/A       6%          3
 Brom's Barrelling Bould  Conj/Erth      25%        2d5       30%         4
 Petrify                  Alch/Erth      18%        N/A       50%         4
 Animate Dead             Necr           4%         N/A       85%         4
 Ignite Poison            Fire/Alch      4%         N/A       85%         4
 Freezing Cloud           Conj/Ice/Air   4%         6-21      96%         5
 Haunt                    Necr/Summ      2%         N/A       100%        7
 Borgnjor's Revivificati  Necr           2%         N/A       100%        8
 Infestation              Necr           2%         N/A       100%        8
 Cigotuvi's Dreadful Rot  Necr/Alch/Air  Unusable   N/A       N/A         2
 Sublimation of Blood     Necr           Unusable   N/A       N/A         2

Dungeon Overview and Level Annotations

Branches:
Dungeon (3/15)              Sewer (1/1)

Altars:
Fedhas
The Shining One

Shops:
D:3 (


Innate Abilities, Weirdness & Mutations

You are immune to sickness and miasma.
Your stone body is resilient. (AC +4)
You are immune to poison.
You resist negative energy. (rN+)
You are resistant to electric shocks. (rElec)
You are resistant to unholy torment.
You are immune to petrification.


Message History

You feel clever all of a sudden.
The ufetubus hits you but does no damage.
The ufetubus hits you.
* * * LOW HITPOINT WARNING * * *
The ufetubus closely misses you. The ufetubus barely misses you.
Unknown command.
A shadow imp comes into view.
The ufetubus barely misses you. x2
Unknown command.
The ufetubus attacks as it pursues you! The ufetubus closely misses you.
The ufetubus barely misses you. The kobold hits you with a +0 dagger.
* * * LOW HITPOINT WARNING * * *
The ufetubus hits you but does no damage.
The ufetubus barely misses you.
Unknown command.
Unknown command.
You barely miss the kobold.
Unknown command.
Casting: Sandblast (safe; 1% risk of failure)
Confirm with . or Enter, or press ? or * to list all spells.
Aiming: Sandblast (safe; 1% risk of failure)
Press: ? - help, Shift-Dir - straight line, f - kobold brigand
Aim: a kobold brigand, wielding a +0 whip and quivering poisoned darts (lightly wounded, 80% to hit)
You feel a surge of power!
The blast of sand hits the kobold brigand.
The kobold brigand is lightly wounded.
Unknown command.
You barely miss the kobold. The kobold hits you with a +0 dagger.
* * * LOW HITPOINT WARNING * * *
The kobold brigand hits you with a +0 whip.
* * * LOW HITPOINT WARNING * * *
Unknown command.
Unknown command.
It was a potion of berserk rage.
A red film seems to cover your vision as you go berserk!
You feel yourself moving faster!
You feel mighty! The kobold hits you but does no damage.
The kobold brigand hits you but does no damage.
You closely miss the kobold. The shadow imp hits you.
You die...

####################
#~~.+.~≈≈≈≈≈≈≈≈≈≈≈≈≈
#~~.#..≈≈≈≈≈≈≈≈≈≈≈≈≈ ≈
#≈~.#.~~≈≈≈≈≈≈≈≈≈≈≈≈ ~.
#≈~.#.~≈≈≈≈≈≈≈≈≈≈≈≈≈ ##'''#
#~~5#..~≈≈≈≈≈≈≈≈≈≈≈≈ ##.....
#≈K@#...~~≈≈≈≈≈≈≈≈≈≈
#...§..###K####.###.##.##~##
'.§...K.#K5K#≈≈.............
'..._.§().K.≈≈≈≈............
'.§..)..#)..#≈≈......)......
#...§..###.####.#≈###†~#.###
##..... #≈..#....~≈≈≈≈~≈~~≈≈
##'''# #~~.#..~~~≈≈≈≈≈≈≈≈≈≈
#≈... #≈~.#.~~≈≈≈≈≈≈≈≈≈≈≈≈


You could see a kobold brigand, a shadow imp, an ufetubus and 3 kobolds.

Vanquished Creatures
  A kobold brigand (D:3)
  2 quasits (Sewer)
  Jessica (D:2)
  Natasha (twice) (D:3)
  2 adders (D:2)
  A shadow imp (Sewer)
  2 ufetubi (Sewer)
  An adder zombie (Sewer)
  3 dart slugs
  A ribbon worm (D:2)
  An orc (D:3)
  4 ball pythons
  5 endoplasms
  4 giant cockroaches
  7 goblins
  12 hobgoblins
  15 kobolds
  3 quokkas (D:2)
  6 bats
  4 frilled lizards
  7 rats
84 creatures vanquished.

Vanquished Creatures (others)
  A kobold zombie (Sewer)
1 creature vanquished.

Grand Total: 85 creatures vanquished

Notes
Turn   | Place    | Note
-------+----------+-------------------------------------------
     0 | D:1      | hikkokomori the Gargoyle Earth Elementalist began the quest
                  | for the Orb.
     0 | D:1      | Reached XP level 1. HP: 10/10 MP: 3/3
   283 | D:1      | Reached XP level 2. HP: 16/16 MP: 3/5
   512 | D:1      | Got the Disquisition on the Dead
   640 | D:1      | Reached skill level 1 in Fighting
   768 | D:1      | Reached skill level 4 in Earth Magic
   784 | D:1      | Reached XP level 3. HP: 17/20 MP: 3/6
   788 | D:1      | Learned a level 3 spell: Stone Arrow
  1414 | D:2      | Reached XP level 4. HP: 25/25 MP: 4/7
  1480 | D:2      | Noticed Jessica
  1490 | D:2      | Killed Jessica
  1891 | D:3      | Found Cinifuts's Weapon Boutique.
  1925 | D:3      | Noticed Natasha
  1927 | D:3      | Killed Natasha
  1928 | D:3      | Reached XP level 5. HP: 20/30 MP: 6/9
  2003 | D:3      | Found a blossoming altar of Fedhas.
  2132 | D:3      | Noticed Natasha
  2132 | D:3      | Noticed a kobold brigand
  2137 | D:3      | Killed a kobold brigand
  2140 | D:3      | Killed Natasha
  2141 | D:3      | Reached XP level 6. HP: 27/36 MP: 2/10
  2149 | D:3      | Found a glowing golden altar of the Shining One.
  2336 | D:3      | Found a glowing drain.
  2344 | Sewer    | Entered a sewer
  2522 | Sewer    | Found a burning altar of Makhleb.
  2539 | Sewer    | Reached skill level 5 in Earth Magic
  2565 | Sewer    | HP: 1/36 [kobold brigand/+0 whip (6)]
  2567 | Sewer    | Slain by a shadow imp

Illustrated notes

Levels and vault maps discovered:
D:1:      heliophobic_arrival_dark_side_of_the_moon, layout_loops_corners
D:2:      layout_rooms, uniq_jessica
D:3:      layout_basic, mainiacjoe_overflow_alcove_1,
          mainiacjoe_overflow_small_starburst, cheibrodos_sewer_entry_bend,
          serial_shops, nicolae_shop_bloodbath_and_beyond, grunt_ministairs_8,
          guppyfry_early_lair_pool, uniq_natasha
Sewer:    kennysheep_sewer_church

Skill      XL: |  1  2  3  4  5  6 |
---------------+-------------------+-----
Fighting       | 1 2 |  2.9
Earth Magic    | 4 5 |  5.1
Stealth        | 3 4 |  4.1
Conjurations   | 2 |  2.8
Spellcasting   | 3 |  3.2
Dodging        | |  1.5

Action                     |  1- 3 |  4- 6 || total
---------------------------+-------+-------++-------
  Melee: Unarmed           |     3 |       ||     3
         Dagger            |    11 |       ||    11
         Punch             |     1 |     1 ||     2
         Whip              |       |    19 ||    19
  Throw: Dart              |       |     1 ||     1
   Cast: Sandblast         |    46 |    79 ||   125
    Use: Scroll            |       |     3 ||     3
         Potion            |       |     3 ||     3
 Armour: Robe              |    27 |   111 ||   138
  Dodge: Dodged            |    19 |   124 ||   143

Table legend: (Time is in decaauts)
 A = Elapsed time spent in this place.
 B = Non-inter-level travel time spent in this place.
 C = Inter-level travel time spent in this place.
 D = Time resting spent in this place.
 E = Time spent auto-exploring this place.
 F = Levels seen in this place.
 G = Mean time per level.
                   A        B        C        D        E       F      G
               +--------+--------+--------+--------+--------+-----+--------+
         Total |   2645 |   2594 |     51 |    100 |   1796 |   4 |  661.2 |
       Dungeon |   2399 |   2348 |     51 |    100 |   1656 |   3 |  799.7 |
         Sewer |    246 |    246 |      0 |      0 |    140 |   1 |  246.0 |
               +--------+--------+--------+--------+--------+-----+--------+

Top non-repeatable levels by time:
     D:1: 1212 daAuts
     D:2: 727 daAuts
     D:3: 459 daAuts
   Sewer: 246 daAuts
